 Dungeon Crawl Stone Soup version 0.24-a0-271-ga0fc33f (webtiles) character file.

Game seed: 12630115948507506893

24113 gruber the Markscentaur (level 12, -2/106 HPs)
             Began as a Centaur Hunter on Apr 23, 2019.
             Was a High Priest of Okawaru.
             Killed from afar by Jorgrun (60 damage)
             ... with an iron shot
             ... on level 14 of the Dungeon.
             The game lasted 00:33:51 (18915 turns).

gruber the Markscentaur (Centaur Hunter)           Turns: 18915, Time: 00:33:52

Health: -2/106     AC: 12    Str: 15    XL:     12   Next: 77%
Magic:  8/15       EV: 15    Int: 10    God:    Okawaru [*****.]
Gold:   815        SH:  0    Dex: 15    Spells: 11/11 levels left

rFire    . . .     SeeInvis .   a - +1 shortbow
rCold    . . .     Gourm    .   (shield currently unavailable)
rNeg     . . .     Faith    .   K - +3 leather armour
rPois    .         Spirit   .   (no helmet)
rElec    .         Reflect  .   j - +0 cloak
rCorr    +         Harm     .   o - +0 pair of gloves
MR       .....                  (no barding)
Stlth    ++........             L - amulet of regeneration
HPRegen  0.67/turn              U - ring of resist corrosion
MPRegen  0.14/turn              M - +3 ring of evasion

@: heroism, finesse, grasped by roots, constricted, very quick
A: large, hooves 3, deformed body, speed 2, tough skin 3
a: Heroism, Finesse, Renounce Religion


You were on level 14 of the Dungeon.
You worshipped Okawaru.
Okawaru was extremely pleased with you.
You were not hungry.

You visited 2 branches of the dungeon, and saw 15 of its levels.
You also visited: Sewer and Ossuary.

You collected 1035 gold pieces.
You spent 220 gold pieces at shops.

Inventory:

Hand Weapons
 a - a +1 shortbow (weapon)
 y - a +1 dagger of venom
 G - the +3 flail of Mourning {flame, Stlth+}
   (You found it on level 6 of the Dungeon)

   It has been specially enchanted to burn those struck by it, causing extra
   injury to most foes and up to half again as much damage against particularly
   susceptible opponents.
   It makes you more stealthy.
Missiles
 d - 187 arrows (quivered)
 n - 3 throwing nets
Armour
 j - a +0 cloak (worn)
 o - a +0 pair of gloves (worn)
 K - a +3 leather armour (worn)
Jewellery
 s - an uncursed ring of flight
 L - an amulet of regeneration (around neck)
 M - a +3 ring of evasion (right hand)
 P - an uncursed ring of stealth
 U - a ring of resist corrosion (left hand)
Wands
 b - a wand of paralysis (10)
 c - a wand of polymorph (19)
 q - a wand of random effects (16)
 A - a wand of flame (62)
 H - a wand of scattershot (4)
 O - a wand of disintegration (33)
 T - a wand of clouds (11)
Scrolls
 g - 7 scrolls of teleportation
 h - 4 scrolls of enchant weapon
 k - 4 scrolls of enchant armour {unknown}
 l - 4 scrolls of amnesia {unknown}
 p - 2 scrolls of blinking {unknown}
 r - 7 scrolls of remove curse
 t - 6 scrolls of magic mapping
 x - 2 scrolls of fear {unknown}
 F - a scroll of fog
 J - 11 scrolls of identify
 Q - a scroll of immolation {unknown}
 R - a scroll of vulnerability {unknown}
Potions
 e - 4 potions of resistance
 i - 2 potions of heal wounds
 m - 4 potions of might
 u - 7 potions of curing
 v - 3 potions of flight
 w - a potion of ambrosia {unknown}
 z - 3 potions of cancellation
 B - 2 potions of lignification {unknown}
 C - 2 potions of berserk rage
 D - 4 potions of brilliance
 E - a potion of mutation
 I - 2 potions of magic {unknown}
 N - a potion of haste
 S - a potion of invisibility {unknown}
Comestibles
 f - 30 rations


   Skills:
 - Level 10.0(15.0) Fighting
 * Level 19.8(24.8) Bows
 - Level 6.0(11.0) Armour
 - Level 4.0(9.0) Dodging
 - Level 0.4(5.4) Stealth
 - Level 5.0 Invocations


You had 11 spell levels left.
You didn't know any spells.
Your spell library contained the following spells:

 Spells                   Type           Power        Failure   Level  Hunger
 Freeze                   Ice            #...         41%         1    ##.....
 Throw Frost              Conj/Ice       #.....       54%         2    ###....
 Ozocubu's Armour         Chrm/Ice       #.......     78%         3    ####...
 Summon Ice Beast         Ice/Summ       #.......     99%         4    #####..
 Throw Icicle             Conj/Ice       #.......     99%         4    #####..


Dungeon Overview and Level Annotations

Branches:
Dungeon (14/15)            Temple (1/1) D:6            Lair (0/6) D:9
    Orc (0/2) D:10
 Vaults: D:13-14

Altars:
Cheibriados
Dithmenos
Elyvilon
Fedhas
Gozag
Hepliaklqana
Kikubaaqudgha
Makhleb
Nemelex Xobeh
Okawaru
Qazlal
Ru
Sif Muna
Trog
Uskayaw
Vehumet
Xom
Yredelemnul
Zin
The Shining One
Beogh

Shops:
D:5 [   D:6 ?   D:8 (

Annotations:
D:5 Grinder, Menkaure
D:6 1 runed translucent door, Voker57's ghost, novice DsMo
D:14 Jorgrun


Innate Abilities, Weirdness & Mutations

You have hooves in place of feet.
Armour fits poorly on your strangely shaped body.
You cover ground very quickly.
You have extremely tough skin. (AC +3)


Message History

Jorgrun is severely wounded.
Firing (i - inventory. (/) - cycle)
d - 190 arrows (quivered)
Press: ? - help, Shift-Dir - straight line, f/p - Jorgrun
Aim: Jorgrun, wielding a +0 quarterstaff of crushing and wearing a +2 robe of magic resistance (severely wounded)
You shoot an arrow. The arrow barely misses Jorgrun.
The grasping roots constrict you!!
Firing (i - inventory. (/) - cycle)
d - 189 arrows (quivered)
Press: ? - help, Shift-Dir - straight line, f/p - Jorgrun
Aim: Jorgrun, wielding a +0 quarterstaff of crushing and wearing a +2 robe of magic resistance (severely wounded)
You shoot an arrow. The arrow misses Jorgrun.
Firing (i - inventory. (/) - cycle)
d - 188 arrows (quivered)
Press: ? - help, Shift-Dir - straight line, f/p - Jorgrun
Aim: Jorgrun, wielding a +0 quarterstaff of crushing and wearing a +2 robe of magic resistance (severely wounded)
You shoot an arrow. The arrow hits Jorgrun.
Jorgrun is severely wounded.
You gain the combat prowess of a mighty hero.
Jorgrun casts a spell at you. The iron shot hits you!!!
Ouch! That really hurt!
You die...

######### ###
#.......# #.#
#.......# # #.#
#.......# #.
#.###.......#
#.###((((g.@....#
##.#...((..........#
.(..((....##......<#
#.......###.......#
##.###### #.......#
# ###...### ###.#
... ...


You could see Jorgrun.

Vanquished Creatures
  2 centaur warriors (D:13)
  7 two-headed ogres
  A tengu warrior (D:13)
  4 ugly things
  2 manticores (D:13)
  A moth of wrath (D:9)
  Maurice (D:8)
  A gargoyle (D:11)
  A komodo dragon (D:9)
  3 trolls
  A hornet (D:11)
  8 slime creatures
  4 hippogriffs
  A meliai zombie (D:13)
  A wraith (D:13)
  A shadow (D:9)
  2 wyverns
  A vampire (D:11)
  A yak (D:9)
  Grum (D:8)
  2 basilisks
  Eustachio (D:5)
  5 vampire mosquitoes
  3 soldier ants
  6 orc warriors
  A black bear (D:13)
  5 sky beasts
  6 ice beasts
  3 necrophages
  7 ogres
  2 phantoms
  2 wolves (D:8)
  4 centaurs
  A crocodile (D:9)
  3 big kobolds
  11 bullfrogs
  A gnoll sergeant (D:10)
  A wyvern zombie (D:13)
  5 scorpions
  6 wights
  8 killer bees
  2 bullfrog zombies
  10 crimson imps
  3 centaur zombies
  3 quasits
  11 hounds
  5 jellies
  7 orc priests
  3 bullfrog skeletons
  A centaur skeleton (D:5)
  Ijyb (D:5)
  5 iguanas
  13 orc wizards
  16 worker ants
  A big kobold zombie (Ossuary)
  A hound zombie (D:11)
  8 mummies (Ossuary)
  A howler monkey zombie (D:9)
  2 worker ant zombies
  7 gnolls
  13 adders
  2 shadow imps
  An ooze (D:3)
  2 adder zombies
  3 worms
  2 dart slugs
  6 leopard geckos
  55 orcs
  8 ball pythons
  14 giant cockroaches
  A gnoll zombie (Ossuary)
  5 goblins
  4 hobgoblins (D:1)
  12 jackals
  5 quokkas
  4 bats
  6 frilled lizards (Sewer)
  3 hobgoblin zombies (Ossuary)
  12 kobolds
  2 kobold zombies (Ossuary)
  An orc zombie (Ossuary)
  7 rats
395 creatures vanquished.

Vanquished Creatures (others)
  A centaur warrior (D:13)
  3 plants (D:9)
  A withered plant (D:6)
5 creatures vanquished.

Grand Total: 400 creatures vanquished

Notes
Turn   | Place    | Note
-------+----------+-------------------------------------------
     0 | D:1      | gruber the Centaur Hunter began the quest for the Orb.
     0 | D:1      | Reached XP level 1. HP: 17/17 MP: 1/1
   148 | D:1      | Reached XP level 2. HP: 18/25 MP: 2/2
  1286 | D:2      | Reached XP level 3. HP: 31/31 MP: 3/3
  1885 | D:2      | Reached XP level 4. HP: 38/41 MP: 4/4
  2026 | D:3      | Found a glowing golden altar of the Shining One.
  2503 | D:4      | Found a glowing drain.
  2526 | Sewer    | Entered a sewer
  2560 | Sewer    | Reached skill level 5 in Fighting
  2728 | Sewer    | Reached XP level 5. HP: 46/48 MP: 5/5
  2969 | Sewer    | Reached XP level 6. HP: 27/57 MP: 6/6
  4115 | D:4      | Found a white marble altar of Elyvilon.
  4454 | D:4      | Found a hazy altar of Hepliaklqana.
  4649 | D:4      | Reached XP level 7. HP: 63/63 MP: 7/7
  5073 | D:4      | Found a burning altar of Makhleb.
  5271 | D:5      | Entered Level 5 of the Dungeon
  5385 | D:4      | Reached skill level 6 in Bows
  5554 | D:5      | Reached skill level 7 in Bows
  5670 | D:5      | Found a sparkling altar of Nemelex Xobeh.
  5685 | D:5      | Noticed Ijyb
  5686 | D:5      | Paralysed by Ijyb for 5 turns
  5700 | D:5      | Killed Ijyb
  5824 | D:5      | Reached skill level 8 in Bows
  6026 | D:5      | Noticed Menkaure
  6041 | D:5      | Noticed Grinder
  6359 | D:5      | Reached XP level 8. HP: 43/70 MP: 8/8
  6456 | D:5      | Found Xecweantell's Armour Shoppe.
  6549 | D:5      | Noticed Eustachio
  6583 | D:5      | Killed Eustachio
  6583 | D:5      | Reached skill level 9 in Bows
  7004 | D:6      | Found a blossoming altar of Fedhas.
  7108 | D:6      | Reached skill level 10 in Bows
  7181 | D:6      | Found a sand-covered staircase.
  7300 | Ossuary  | Entered an ossuary
  7679 | D:6      | Reached skill level 11 in Bows
  7829 | D:6      | Found Monkey's Magic Scroll Boutique.
  7836 | D:6      | Bought a scroll of fog for 26 gold pieces
  7836 | D:6      | Bought a scroll of enchant weapon for 97 gold pieces
  7836 | D:6      | Bought a scroll of magic mapping for 45 gold pieces
  7836 | D:6      | Bought a scroll of identify for 26 gold pieces
  7836 | D:6      | Bought a scroll of identify for 26 gold pieces
  7910 | D:6      | Got a shimmering flail
  7915 | D:6      | Reached skill level 12 in Bows
  7916 | D:6      | Identified the cursed +3 flail of Mourning {flame, Stlth+}
                  | (You found it on level 6 of the Dungeon)
  7930 | D:6      | Noticed a two-headed ogre
  8013 | D:6      | Killed a two-headed ogre
  8013 | D:6      | Reached skill level 13 in Bows
  8013 | D:6      | Reached XP level 9. HP: 57/75 MP: 9/9
  8269 | D:6      | Found a staircase to the Ecumenical Temple.
  8316 | D:6      | Found a runed translucent door.
  8317 | D:6      | Noticed Voker57's ghost (novice DsMo)
  8442 | Temple   | Entered the Ecumenical Temple
  8813 | D:7      | Found a blossoming altar of Fedhas.
  8852 | D:7      | Reached skill level 14 in Bows
  9503 | D:8      | Found a stormy altar of Qazlal.
  9508 | D:8      | Noticed Maurice
  9564 | D:8      | Noticed Grum
  9594 | D:8      | Killed Grum
  9594 | D:8      | Reached skill level 15 in Bows
  9601 | D:8      | Killed Maurice
  9751 | D:8      | Found an iron altar of Okawaru.
  9845 | D:8      | Reached XP level 10. HP: 81/83 MP: 10/10
 10079 | D:8      | Found Guizyan's Weapon Emporium.
 10179 | D:8      | Found a snail-covered altar of Cheibriados.
 10274 | D:8      | Noticed a two-headed ogre
 10338 | D:8      | Killed a two-headed ogre
 10338 | D:8      | Reached skill level 16 in Bows
 10503 | D:8      | Became a worshipper of Warmaster Okawaru
 10589 | D:9      | Reached skill level 1 in Armour
 10763 | D:9      | Noticed a centaur warrior
 11019 | D:9      | Noticed a moth of wrath
 11019 | D:9      | a centaur warrior changed into a moth of wrath
 11111 | D:9      | Killed a moth of wrath
 11146 | D:9      | Noticed a two-headed ogre
 11150 | D:9      | Reached * piety under Okawaru
 11197 | D:8      | Killed a two-headed ogre
 11317 | D:9      | Reached ** piety under Okawaru
 11394 | D:9      | Reached skill level 5 in Armour
 12076 | D:9      | Reached skill level 1 in Invocations
 12132 | D:9      | Reached XP level 11. HP: 89/89 MP: 12/12
 12324 | D:9      | Found a staircase to the Lair.
 12372 | D:9      | Found a glowing golden altar of the Shining One.
 12448 | D:9      | Found a glowing golden altar of the Shining One.
 12759 | D:10     | Entered Level 10 of the Dungeon
 12779 | D:10     | Reached *** piety under Okawaru
 12847 | D:10     | Noticed a two-headed ogre
 12908 | D:10     | Killed a two-headed ogre
 13118 | D:10     | Reached skill level 5 in Invocations
 13333 | D:10     | Found a roughly hewn altar of Beogh.
 13508 | D:10     | Found a staircase to the Orcish Mines.
 13911 | D:11     | Received a gift from Okawaru
 14208 | D:11     | Noticed a two-headed ogre
 14233 | D:11     | Killed a two-headed ogre
 14233 | D:11     | Received a gift from Okawaru
 14798 | D:11     | Received a gift from Okawaru
 15183 | D:12     | Noticed a two-headed ogre
 15519 | D:12     | Noticed a white ugly thing
 15619 | D:12     | Killed a white ugly thing
 15619 | D:12     | Received a gift from Okawaru
 15619 | D:12     | Reached skill level 10 in Fighting
 15796 | D:12     | Noticed a two-headed ogre
 15826 | D:12     | Killed a two-headed ogre
 15826 | D:12     | Reached **** piety under Okawaru
 15963 | D:12     | Received a gift from Okawaru
 15963 | D:12     | Reached XP level 12. HP: 106/106 MP: 15/15
 15994 | D:12     | Reached skill level 17 in Bows
 16664 | D:13     | Noticed a tengu warrior
 16666 | D:13     | Noticed a centaur warrior
 16862 | D:13     | Noticed a centaur warrior
 17000 | D:13     | Noticed a centaur warrior
 17026 | D:13     | Killed a centaur warrior
 17026 | D:13     | Reached ***** piety under Okawaru
 17026 | D:13     | Reached skill level 18 in Bows
 17441 | D:13     | Noticed a two-headed ogre
 17453 | D:13     | Killed a two-headed ogre
 17797 | D:13     | Reached skill level 19 in Bows
 17817 | D:13     | Killed a tengu warrior
 17825 | D:13     | Killed a centaur warrior
 17825 | D:13     | Received a gift from Okawaru
 18343 | D:13     | Killed a centaur warrior
 18688 | D:14     | Noticed a rakshasa
 18692 | D:14     | Received a gift from Okawaru
 18877 | D:14     | Noticed Jorgrun
 18915 | D:14     | Killed from afar by Jorgrun

Levels and vault maps discovered:
D:1:      mrwooster_arrival_statue_3, layout_loops_ring
D:2:      layout_loops_ring, first_ration, feat_on_display
D:3:      layout_rooms, nicolae_overflow_crystal_walls
D:4:      layout_basic, lemuel_coloured_pillars_altar, elyvilon_altar_5,
          kennysheep_little_box, cheibrodos_sewer_entry_drain
D:5:      layout_basic, nemelex_altar_shiori, serial_shops,
          nicolae_shop_crystal, uniq_eustachio, uniq_ijyb, uniq_menkaure,
          uniq_grinder
D:6:      layout_basic, temple_hall, gammafunk_ghost_grave, enter_ossuary_2,
          basic_altar, serial_shops, shop
D:7:      layout_rooms, lemuel_crystal_altar
D:8:      layout_loops_ring, cheibrodos_worm_habitat, grunt_qazlal_sundering,
          lemuel_crystal_altar, serial_shops, kennysheep_mini_moat, uniq_grum,
          uniq_maurice
D:9:      minmay_the_grid_3x3 [minmay_the_grid_gridbox,
          minmay_the_grid_large_cup, minmay_the_grid_diamond_grid,
          minmay_the_grid_spin_star, minmay_the_grid_plusring,
          minmay_the_grid_doors, minmay_the_grid_outer_diamond,
          minmay_the_grid_minigrid_medium, minmay_the_grid_prize_big_room],
          layout_cross, nicolae_overflow_hidden_temple, david_lair_shrubbed,
          basic_altar, grunt_ogre_cave, tso_altar
D:10:     layout_rooms, david_orc_5
D:11:     layout_irregular_city
D:12:     layout_irregular_city
D:13:     layout_loops_ring, grunt_ministairs_2, minmay_mirror_moons_of_madness
D:14:     layout_roguey, hangedman_vaults_entry_quadrant_bands,
          portal_ice_cave_entry_ice_beasts, uniq_jorgrun
Temple:   bh_familiar_temple
Sewer:    sewer_frog_island_01
Ossuary:  ossuary_tomb_3

Skill      XL: |  1  2  3  4  5  6  7  8  9 10 11 12 |
---------------+-------------------------------------+-----
Fighting       | 3 4 5 6 10 | 10.0
Dodging        | 2 3 4 |  4.0
Bows           | 8 13 15 16 19 | 19.8
Armour         | 6 |  6.0
Invocations    | 1 5 |  5.0
Stealth        | |  0.4

Action                   |  1- 3 |  4- 6 |  7- 9 | 10-12 || total
-------------------------+-------+-------+-------+-------++-------
Melee: Short sword       |   100 |    45 |       |       ||   145
       Kick              |    22 |    10 |     3 |     7 ||    42
       Dagger            |       |       |    11 |       ||    11
       Flail             |       |       |       |    25 ||    25
 Fire: Shortbow          |    41 |   179 |   580 |  1496 ||  2296
Throw: Throwing net      |       |       |     1 |       ||     1
Invok: Heroism           |       |       |       |    11 ||    11
       Finesse           |       |       |       |     1 ||     1
Evoke: Wand              |       |       |       |     2 ||     2
  Use: Scroll            |       |     3 |    11 |       ||    14
       Potion            |       |     2 |     1 |     3 ||     6
  Eat: Chunk             |     2 |     6 |     9 |    18 ||    35
       Ration            |       |       |     1 |     1 ||     2
Armor: Leather armour    |    46 |    38 |    21 |   113 ||   218
Dodge: Dodged            |    62 |    62 |    73 |   227 ||   424

Table legend:
 A = Non-vault XP
 B = Vault XP
 C = Vault XP percentage of total XP
 D = Non-vault monster count
 E = Vault monster count
 F = Vault count percentage of total count
                 A         B        C        D         E       F
            +---------+---------+-------+---------+---------+-------
      Total |   24974 |    9474 |  27.5 |     284 |     112 |  28.3
            +---------+---------+-------+---------+---------+-------
        D:1 |      27 |       0 |   0.0 |      15 |       0 |   0.0
        D:2 |      70 |       0 |   0.0 |      22 |       0 |   0.0
        D:3 |      48 |       0 |   0.0 |      14 |       0 |   0.0
        D:4 |     613 |       5 |   0.8 |      23 |       3 |  11.5
        D:5 |     422 |     221 |  34.4 |      18 |       2 |  10.0
        D:6 |    2015 |       0 |   0.0 |      24 |       0 |   0.0
        D:7 |     592 |       0 |   0.0 |      13 |       0 |   0.0
        D:8 |    1187 |    1913 |  61.7 |       8 |       7 |  46.7
        D:9 |     656 |    3286 |  83.4 |      17 |      32 |  65.3
       D:10 |    1839 |     666 |  26.6 |      16 |      22 |  57.9
       D:11 |    3842 |       0 |   0.0 |      40 |       0 |   0.0
       D:12 |    6037 |       0 |   0.0 |      26 |       0 |   0.0
       D:13 |    6868 |    2961 |  30.1 |      37 |       9 |  19.6
       D:14 |     758 |       0 |   0.0 |      11 |       0 |   0.0
      Sewer |       0 |     250 | 100.0 |       0 |      21 | 100.0
    Ossuary |       0 |     172 | 100.0 |       0 |      16 | 100.0
            +---------+---------+-------+---------+---------+-------
